 Dungeon Crawl Stone Soup version 0.20.0-15-g7f486f2 (webtiles) character file.

5431 renl the Thaumaturge (level 10, -3/50 HPs)
             Began as a Deep Elf Wizard on June 26, 2017.
             Was an Initiate of Vehumet.
             Slain by a killer bee (7 damage)
             ... on level 8 of the Dungeon.
             The game lasted 01:54:25 (8377 turns).

renl the Thaumaturge (Deep Elf Wizard)              Turns: 8377, Time: 01:54:25

Health: -3/50      AC:  7    Str:  4    XL:     10   Next: 40%
Magic:  2/30       EV: 13    Int: 27    God:    Vehumet [......]
Gold:   469        SH:  0    Dex: 13    Spells: 22/37 levels left

rFire    . . .     SeeInvis .   m - +4 quarterstaff (chaos)
rCold    . . .     Gourm    +   (shield currently unavailable)
rNeg     . . .     Faith    .   h - +1 robe {MR+}
rPois    .         Spirit   .   B - +2 helmet
rElec    .         Reflect  .   n - +0 cloak
rCorr    .         Harm     .   (no gloves)
MR       +++..                  (no boots)
Stlth    ++........             G - amulet of the gourmand
Regen    0.2/turn               w - ring of protection from magic
MPRegen  0.3/turn               (no ring)

@: about to teleport
A: no striking features
a: Renounce Religion


You were on level 8 of the Dungeon.
You worshipped Vehumet.
Vehumet was noncommittal.
You were completely stuffed.

You visited 2 branches of the dungeon, and saw 9 of its levels.

You collected 469 gold pieces.

Inventory:

Hand Weapons
 m - a +4 quarterstaff of chaos (weapon)
Armour
 h - a +1 robe of magic resistance (worn)
 n - a +0 cloak (worn)
 B - a +2 helmet (worn)
 H - a +3 leather armour
Jewellery
 t - an uncursed amulet of regeneration
 w - a ring of protection from magic (left hand)
 G - an amulet of the gourmand (around neck)
Wands
 a - a wand of lightning (10/15)
 j - a wand of polymorph (9/24)
 E - a wand of confusion (7/48)
Scrolls
 f - 7 scrolls of identify
 g - 3 scrolls of immolation {unknown}
 o - 2 scrolls of enchant weapon {unknown}
 p - a scroll of teleportation
 q - a scroll of magic mapping {unknown}
 r - a scroll of enchant armour {unknown}
 s - 2 scrolls of fear {unknown}
 v - 3 scrolls of amnesia {unknown}
 x - a scroll of noise {unknown}
 y - a scroll of remove curse
 z - 2 scrolls of blinking {unknown}
Potions
 b - a potion of magic {unknown}
 e - 5 potions of curing
 i - a potion of cancellation {unknown}
 k - 2 potions of degeneration {unknown}
 u - 2 potions of brilliance {unknown}
 A - a potion of invisibility {unknown}
 C - a potion of agility {unknown}
Books
 c - a book of Minor Magic

   Spells                             Type                      Level
   a - Magic Dart                     Conjuration                  1
   b - Blink                          Translocation                2
   c - Call Imp                       Summoning                    2
   d - Slow                           Hexes                        2
   e - Conjure Flame                  Conjuration/Fire             3
   f - Mephitic Cloud                 Conjuration/Poison/Air       3
 D - a book of the Sky

   Spells                             Type                      Level
   a - Summon Lightning Spire         Summoning/Air                4
   b - Silence                        Hexes/Air                    5
   c - Deflect Missiles               Charms/Air                   6
   d - Conjure Ball Lightning         Conjuration/Air              6
   e - Tornado                        Air                          9
Comestibles
 d - 8 bread rations
 l - 5 meat rations
 F - a royal jelly
 I - 3 chunks of flesh


   Skills:
 - Level 2.4 Dodging
 - Level 2.4 Stealth
 + Level 14.1 Spellcasting
 + Level 9.5 Conjurations
 + Level 4.2 Summonings
 + Level 2.8 Translocations
 + Level 1.6 Fire Magic
 + Level 3.5 Air Magic
 + Level 3.1 Poison Magic


You had 22 spell levels left.
You knew the following spells:

 Your Spells              Type           Power        Failure   Level  Hunger
a - Magic Dart            Conj           ####         1%          1    None
b - Blink                 Tloc           N/A          1%          2    None
c - Call Imp              Summ           #####...     1%          2    None
d - Mephitic Cloud        Conj/Pois/Air  #####...     1%          3    None
e - Conjure Flame         Conj/Fire      #####...     1%          3    None
f - Summon Lightning Spi  Summ/Air       #####...     5%          4    None


Dungeon Overview and Level Annotations

Branches:
Dungeon (8/15)             Temple (1/1) D:7
   Lair: D:8-11

Altars:
Ashenzari
Cheibriados
Dithmenos
Elyvilon
Fedhas
Gozag
Hepliaklqana
Kikubaaqudgha
Makhleb
Nemelex Xobeh
Okawaru
Qazlal
Ru
Sif Muna
Trog
Uskayaw
Vehumet
Xom
Yredelemnul
Zin
The Shining One

Shops:
D:4 *   D:8 :

Annotations:
D:2 Sigmund
D:8 Gastronok


Message History

The killer bee stings you.
* * * LOW HITPOINT WARNING * * *
The killer bee stings you but does no damage.
Okay, then.
The killer bee closely misses you.
Casting: Blink
Confirm with . or Enter, or press ? or * to list all spells.
You don't have enough magic to cast that spell.
Unknown command.
The killer bee stings you.
* * * LOW HITPOINT WARNING * * *
The killer bee stings you.
* * * LOW HITPOINT WARNING * * *
The killer bee stings you but does no damage.
As you read the scroll of teleportation, it crumbles to dust.
You feel strangely unstable. The killer bee barely misses you.
The killer bee closely misses you.
The killer bee stings you but does no damage.
The killer bee stings you!
You die...

##..#.#.# #.#.#.#
#.......###...#.#
#..##....(.(#(#.#.#
###########..##.##(####.....#
#....))))....##.#...#####...#
#.#####......##........ ....#
#.# #.#######y....### #...#
#.# #.# #yy#..... ....# #.#
#.# #@y###### ##..# #.# #.#
#.....# ..# #.# #.# #.###.#
..# #.# #.# # .# #.# ##.## .#
#.####>..### .# #..........#
.# ######...#.# .. ##.##.#


You could see 4 killer bees.

Vanquished Creatures
  A two-headed ogre (D:8)
  Pikel (D:7)
  Joseph (D:8)
  Grinder (D:4)
  Prince Ribbit (D:7)
  A spriggan (D:7)
  The ghost of renl the Firebug, an amateur DEFE (D:4)
  A hungry ghost (D:7)
  6 humans
  Edmund (D:5)
  A sky beast (D:5)
  A phantom (D:5)
  A black bear (D:8)
  2 ogres
  2 centaurs (D:7)
  Blork the orc (D:4)
  3 bullfrogs
  2 scorpions
  3 killer bees (D:7)
  A howler monkey (D:4)
  Crazy Yiuf (D:2)
  4 hounds
  3 orc priests
  4 centaur skeletons
  A jelly (D:8)
  5 orc wizards
  Jessica (D:3)
  An iguana (D:5)
  Natasha (thrice) (D:4)
  8 worker ants
  A hound zombie (D:5)
  A howler monkey zombie (D:6)
  Robin (D:2)
  14 gnolls
  7 adders
  A shadow imp (D:6)
  An ooze (D:4)
  2 adder zombies
  6 worms
  A dart slug (D:1)
  3 leopard geckos
  22 orcs
  5 giant cockroaches
  10 goblins
  12 hobgoblins
  7 jackals
  9 kobolds
  6 quokkas
  2 ball pythons
  8 bats
  4 frilled lizards
  2 leopard gecko skeletons
  2 leopard gecko zombies (D:5)
  A quokka skeleton (D:5)
  A quokka zombie (D:6)
  16 rats
208 creatures vanquished.

Vanquished Creatures (collateral kills)
  Menkaure (D:5)
  An ice beast (D:8)
  3 killer bees (D:7)
  3 howler monkeys (D:7)
  A worker ant (D:2)
  3 orcs
  2 goblins (D:2)
  2 hobgoblins (D:2)
  2 jackals (D:2)
18 creatures vanquished.

Vanquished Creatures (others)
  2 slaves (D:7)
  A phantom (D:7)
  A bullfrog (D:7)
  A fungus (D:2)
5 creatures vanquished.

Grand Total: 231 creatures vanquished

Notes
Turn   | Place    | Note
-------+----------+-------------------------------------------
     0 | D:1      | renl the Deep Elf Wizard began the quest for the Orb.
     0 | D:1      | Reached XP level 1. HP: 10/10 MP: 7/7
    83 | D:1      | Reached skill level 5 in Spellcasting
   193 | D:1      | Reached XP level 2. HP: 15/15 MP: 7/10
   497 | D:1      | Learned a level 2 spell: Blink
   500 | D:1      | Learned a level 2 spell: Call Imp
   725 | D:2      | Reached XP level 3. HP: 19/19 MP: 9/12
   730 | D:2      | Reached skill level 6 in Spellcasting
   761 | D:2      | Found an iron altar of Okawaru.
   924 | D:2      | Reached XP level 4. HP: 18/24 MP: 7/14
  1172 | D:2      | Noticed Robin
  1173 | D:2      | Noticed Sigmund
  1314 | D:1      | Learned a level 3 spell: Mephitic Cloud
  1431 | D:2      | Found a runed door.
  1439 | D:2      | Learned a level 3 spell: Conjure Flame
  1439 | D:2      | Noticed Crazy Yiuf
  1445 | D:2      | Killed Crazy Yiuf
  1575 | D:2      | Killed Robin
  1575 | D:2      | Reached skill level 7 in Spellcasting
  1575 | D:2      | Reached XP level 5. HP: 28/28 MP: 9/16
  1655 | D:3      | Noticed Jessica
  2144 | D:3      | Reached XP level 6. HP: 32/32 MP: 4/18
  2145 | D:3      | Found a sparkling altar of Nemelex Xobeh.
  2289 | D:3      | Reached skill level 8 in Spellcasting
  2529 | D:3      | Killed Jessica
  2765 | D:4      | Found Onacipie's Assorted Antiques.
  2771 | D:4      | Noticed Blork the orc
  2779 | D:4      | Killed Blork the orc
  2779 | D:4      | Reached skill level 1 in Air Magic
  2799 | D:4      | Found a snail-covered altar of Cheibriados.
  2875 | D:4      | Reached XP level 7. HP: 17/36 MP: 5/21
  2922 | D:4      | Noticed Natasha
  3007 | D:4      | Killed Natasha
  3007 | D:4      | Reached skill level 9 in Spellcasting
  3117 | D:4      | Noticed Grinder
  3131 | D:4      | Killed Grinder
  3131 | D:4      | Reached skill level 5 in Conjurations
  3231 | D:4      | Reached skill level 1 in Poison Magic
  3242 | D:4      | Noticed Natasha
  3248 | D:4      | Killed Natasha
  3306 | D:4      | Noticed renl's ghost (amateur DEFE)
  3385 | D:4      | Killed renl's ghost
  3385 | D:4      | Reached skill level 10 in Spellcasting
  3385 | D:4      | Reached XP level 8. HP: 41/41 MP: 5/24
  3459 | D:4      | Noticed Natasha
  3469 | D:4      | Killed Natasha
  3545 | D:4      | Found a bloodstained altar of Trog.
  3547 | D:4      | Found an iron altar of Okawaru.
  3945 | D:5      | Entered Level 5 of the Dungeon
  4205 | D:5      | Noticed Menkaure
  4486 | D:5      | Reached skill level 11 in Spellcasting
  4600 | D:5      | Noticed Edmund
  4609 | D:5      | Killed Edmund
  5251 | D:4      | HP: 2/41 [worker ant (5)]
  5256 | D:3      | HP: 2/41 [poisoned by a worker ant]
  5277 | D:3      | HP: 2/41 [worker ant (5)]
  5799 | D:5      | Reached XP level 9. HP: 45/45 MP: 10/26
  5930 | D:4      | Reached skill level 12 in Spellcasting
  6208 | D:5      | Killed Menkaure
  6563 | D:6      | Found a blossoming altar of Fedhas.
  6660 | D:6      | Found a shattered altar of Ashenzari.
  6664 | D:6      | Reached skill level 1 in Fire Magic
  6938 | D:7      | Noticed Pikel
  6953 | D:7      | Killed Pikel
  6953 | D:7      | Reached skill level 13 in Spellcasting
  7044 | D:7      | Learned a level 4 spell: Summon Lightning Spire
  7123 | D:7      | Found a staircase to the Ecumenical Temple.
  7146 | Temple   | Entered the Ecumenical Temple
  7238 | Temple   | Became a worshipper of Vehumet
  7434 | D:7      | Reached XP level 10. HP: 50/50 MP: 15/29
  7576 | D:7      | Noticed Prince Ribbit
  7585 | D:7      | Killed Prince Ribbit
  7926 | D:8      | Noticed Joseph
  7948 | D:8      | Killed Joseph
  7977 | D:8      | Found Utit's Book Shoppe.
  8234 | D:8      | Noticed a two-headed ogre
  8297 | D:8      | Killed a two-headed ogre
  8297 | D:8      | Reached skill level 14 in Spellcasting
  8335 | D:8      | Noticed Gastronok
  8377 | D:8      | Slain by a killer bee

Skill      XL: |  1  2  3  4  5  6  7  8  9 10 |
---------------+-------------------------------+-----
Spellcasting   | 5 6 7 8 10 11 13 14 | 14.1
Conjurations   | 2 3 4 5 7 8 9 |  9.5
Air Magic      | 1 2 3 |  3.5
Poison Magic   | 1 2 3 |  3.1
Summonings     | 2 3 4 |  4.2
Translocations | 2 |  2.8
Fire Magic     | 1 |  1.6
Dodging        | |  2.4
Stealth        | |  2.4

Action                   |  1- 3 |  4- 6 |  7- 9 | 10-12 || total
-------------------------+-------+-------+-------+-------++-------
Melee: Dagger            |     6 |     2 |       |       ||     8
       Quarterstaff      |       |    19 |    22 |     4 ||    45
 Cast: Magic Dart        |    83 |   181 |   415 |    58 ||   737
       Call Imp          |       |     5 |    22 |       ||    27
       Conjure Flame     |       |     3 |    36 |     8 ||    47
       Mephitic Cloud    |       |    10 |    34 |    13 ||    57
       Blink             |       |       |    17 |     6 ||    23
       Summon Lightning  |       |       |     3 |     4 ||     7
  Use: Scroll            |       |     4 |       |     1 ||     5
 Stab: Sleeping          |       |     1 |       |       ||     1
       Distracted        |       |       |     1 |       ||     1
       Confused          |       |       |     2 |       ||     2
  Eat: Chunk             |       |     6 |    20 |    14 ||    40
Armor: Robe              |     5 |    13 |    19 |     5 ||    42
Dodge: Dodged            |    17 |    44 |    48 |    20 ||   129
